 Dungeon Crawl Stone Soup version 0.30.0-29-ga12c61a403 (webtiles) character file.

Game seed: 8200502895378163864

3431 Riddle the Thaumaturge (level 10, -2/62 HPs)
             Began as a Djinni Necromancer on June 6, 2023.
             Was an Initiate of Yredelemnul.
             Slain by a gnoll
             ... wielding a +0 club
             ... led by a gnoll sergeant
              (5 damage)
             ... on level 7 of the Dungeon.
             The game lasted 00:18:34 (6946 turns).

Riddle the Thaumaturge (Djinni Necromancer)         Turns: 6946, Time: 00:18:35

Health: -2/62      AC:  5    Str: 10    XL:     10   Next: 25%
Gold:   227        EV: 14    Int: 23    God:    Yredelemnul [......] SH:  0 Dex: 20

rFire   + + .        y - +7 flail of Yhuawipt {freeze, Int+2}
rCold   x . .        (no shield)
rNeg    . . .        a - +0 robe
rPois   ∞            d - +0 helmet
rElec   .            (no cloak)
rCorr   .            B - +1 pair of gloves {Str+3}
SInv    .            (boots unavailable)
Will    +....        (no amulet)
Stlth   +++          v - +6 ring of dexterity
HPRegen 0.30/turn    (no ring)
MPRegen 0.00/turn

%: infuse magic (-3 HP)
@: flying
A: sickness immunity, fire resistance 2, cold vulnerability 1, float, innate
caster, HP casting, extra vitality 1
a: Renounce Religion, Recall Undead Harvest


You were on level 7 of the Dungeon.
You worshipped Yredelemnul.
Yredelemnul was noncommittal.
You visited 2 branches of the dungeon, and saw 8 of its levels.
You also visited: Sewer.

You collected 227 gold pieces.

Inventory:

Hand Weapons
 y - the +7 flail of Yhuawipt (weapon) {freeze, Int+2}
   (You found it on level 3 of the Dungeon)

   Int:       It affects your intelligence (+2).
Armour
 a - a +0 robe (worn)
 d - a +0 helmet (worn)
 B - a +1 pair of gloves of strength (worn)
Jewellery
 v - a +6 ring of dexterity (left hand)
Wands
 r - a wand of roots (6)
 C - a wand of mindburst (11)
Scrolls
 e - 2 scrolls of identify
 g - a scroll of torment {unknown}
 i - a scroll of fear {unknown}
 m - 2 scrolls of immolation {unknown}
 n - 3 scrolls of enchant weapon {unknown}
 o - 2 scrolls of blinking {unknown}
 p - 2 scrolls of enchant armour {unknown}
 s - a scroll of fog {unknown}
 t - 2 scrolls of magic mapping
 w - 3 scrolls of noise {unknown}
 z - a scroll of brand weapon {unknown}
 A - 2 scrolls of amnesia {unknown}
 D - a scroll of acquirement {unknown}
Potions
 b - 2 potions of brilliance
 c - 4 potions of attraction {unknown}
 f - 5 potions of curing
 h - 5 potions of mutation {unknown}
 k - 2 potions of heal wounds {unknown}
 l - 2 potions of might {unknown}
 q - a potion of magic {unknown}
 u - a potion of berserk rage {unknown}
 x - 2 potions of lignification {unknown}


   Skills:
 + Level 1.2 Fighting
 + Level 3.6 Dodging
 + Level 3.2 Stealth
 + Level 10.7 Spellcasting


You knew the following spells:

 Your Spells              Type           Power      Damage    Failure   Level
a - Necrotise             Necr           100%       1d9       1%          1
b - Vampiric Draining     Necr           58%        2d10      1%          3
c - Animate Dead          Necr           58%        N/A       1%          4
d - Agony                 Necr           58%        N/A       1%          5
e - Magic Dart            Conj           100%       1d8       1%          1
f - Momentum Strike       Conj/Tloc      100%       3d10      1%          2
g - Spider Form           Tmut/Pois      58%        N/A       1%          3
h - Airstrike             Air            29%        2d(5-21)  1%          4
Your spell library was empty.

Dungeon Overview and Level Annotations

Branches:
Dungeon (7/15)             Temple (1/1) D:7           Sewer (visited)

Altars:
Dithmenos
Gozag
Hepliaklqana
Makhleb
Okawaru
Qazlal
Ru
Trog
Uskayaw
Wu Jian
Xom
Yredelemnul
The Shining One

Shops:
D:2 ?!   D:5 (**?   D:6 [[(


Innate Abilities, Weirdness & Mutations

You are immune to sickness and miasma.
You are immune to poison.
Your flesh is very heat resistant. (rF++)
You are vulnerable to cold. (rC-)
You float through the air rather than walking.
You learn spells naturally, not from books.
Your magical power is your life essence.
You have superior vitality. (+4 MHP)


Message History

The gnoll hits you with a +0 spear. The gnoll barely misses you.
Casting: Airstrike (dangerous; 1% risk of failure)
Confirm with . or Enter, or press ? or * to list all spells.
Aiming: Vampiric Draining (safe; 1% risk of failure)
Press: ? - help, Shift-Dir - straight line, f - gnoll
Aim: a gnoll, wielding a +0 spear You draw life force from the gnoll.
You feel life coursing into your body. The gnoll misses you.
Unknown command.
Casting: Vampiric Draining (safe; 1% risk of failure)
Confirm with . or Enter, or press ? or * to list all spells.
Aiming: Vampiric Draining (safe; 1% risk of failure)
Press: ? - help, Shift-Dir - straight line, f/p - gnoll
Aim: a gnoll, wielding a +0 spear (moderately wounded)
You draw life force from the gnoll.
You feel life coursing into your body. The wight hits you with a +0 scimitar.
* * * LOW HITPOINT WARNING * * *
The gnoll hits you with a +0 spear.
* * * LOW HITPOINT WARNING * * *
The gnoll hits you with a +0 heavy spear.
* * * LOW HITPOINT WARNING * * *
Casting: Vampiric Draining (safe; 1% risk of failure)
Confirm with . or Enter, or press ? or * to list all spells.
Aiming: Vampiric Draining (safe; 1% risk of failure)
Press: ? - help, Shift-Dir - straight line, f/p - gnoll
Aim: a gnoll, wielding a +0 spear (severely wounded)
You draw life force from the gnoll!
You kill the gnoll!
You feel life coursing into your body.
* * * LOW HITPOINT WARNING * * *
The wight hits you with a +0 scimitar.
* * * LOW HITPOINT WARNING * * *
The gnoll hits you but does no damage.
Casting: Vampiric Draining (safe; 1% risk of failure)
Confirm with . or Enter, or press ? or * to list all spells.
You don't have enough health to cast this spell.
Unknown command.
The gnoll attacks as you move away! The gnoll hits you with a +0 club.
You die...
Your body rises from the dead as a mindless zombie.

#........#
####.zg....##
####.......#.##
#....##.#.####
#......####
#....#..#.####
#######....#.##
##ggz...##
##@.....#
##....##
##....# #....#
#..## #..# ###


You could see a wight and 2 gnolls.

Vanquished Creatures
  Grinder (D:6)
  Sigmund (D:2)
  A basilisk (D:7)
  A steam dragon (D:6)
  Duvessa (D:6)
  2 orc warriors
  A sky beast (D:6)
  2 black bears
  An ice beast (D:5)
  2 ogres
  2 phantoms (D:5)
  A kobold brigand (D:7)
  6 bullfrogs
  5 scorpions
  A wight (D:6)
  Dowan (D:6)
  A killer bee (D:7)
  A howler monkey (D:6)
  2 jellies (D:7)
  5 hounds
  An orc priest (D:6)
  Jessica (D:2)
  3 orc wizards
  4 sleepcaps
  3 iguanas
  Natasha (thrice) (D:2)
  9 gnolls
  8 adders
  3 river rats (Sewer)
  A white imp (D:3)
  An ufetubus (D:6)
  2 worms
  5 dart slugs
  16 orcs
  15 ball pythons
  9 endoplasms
  A giant cockroach (D:4)
  7 goblins
  7 hobgoblins
  4 jackals (D:1)
  4 quokkas
  4 bats (D:1)
  8 frilled lizards
  7 kobolds
  22 rats
186 creatures vanquished.

Vanquished Creatures (collateral kills)
  2 orcs
  An endoplasm (D:2)
  A quokka (D:2)
  2 ball pythons (Sewer)
  A frilled lizard (Sewer)
  10 rats (Sewer)
17 creatures vanquished.

Vanquished Creatures (others)
  A bullfrog zombie (D:7)
  A hound zombie (D:7)
  A howler monkey zombie (D:6)
  2 jelly zombies (D:7)
  A gnoll zombie (D:7)
6 creatures vanquished.

Grand Total: 209 creatures vanquished

Notes
Turn   | Place    | Note
-------+----------+-------------------------------------------
     0 | D:1      | Riddle the Djinni Necromancer began the quest for the Orb.
     0 | D:1      | Riddle set off with the following spells memorised:
                  | Necrotise, Vampiric Draining, Animate Dead, Agony.
     0 | D:1      | Reached XP level 1. HP: 15/15 MP: 0/0
   136 | D:1      | Reached XP level 2. HP: 19/21 MP: 0/0
   329 | D:1      | Reached XP level 3. HP: 23/25 MP: 0/0
   329 | D:1      | Learned a level 1 spell: Magic Dart
   339 | D:1      | Found a faded altar of an unknown god.
   544 | D:1      | Reached skill level 4 in Spellcasting
   925 | D:2      | Found Iriuzoil's Distillery.
   958 | D:2      | Reached XP level 4. HP: 26/31 MP: 0/0
  1001 | D:2      | You are sucked into a shaft and drop 2 floors!
  1011 | D:4      | Noticed a scorpion
  1018 | D:4      | Killed a scorpion
  1019 | D:4      | Reached XP level 5. HP: 28/35 MP: 0/0
  1019 | D:4      | Learned a level 2 spell: Momentum Strike
  1037 | D:4      | Found a glowing drain.
  1051 | Sewer    | Entered a sewer
  1121 | Sewer    | Reached skill level 5 in Spellcasting
  1371 | Sewer    | Reached XP level 6. HP: 36/40 MP: 0/0
  1618 | D:2      | Noticed Sigmund
  1632 | D:2      | Killed Sigmund
  1633 | D:2      | Reached skill level 6 in Spellcasting
  1633 | D:2      | Reached XP level 7. HP: 35/45 MP: 0/0
  1633 | D:2      | Learned a level 3 spell: Spider Form
  1824 | D:2      | Noticed Natasha
  1828 | D:2      | Killed Natasha
  1852 | D:2      | Noticed Natasha
  1856 | D:2      | Killed Natasha
  1975 | D:2      | Noticed Jessica
  1980 | D:2      | Killed Jessica
  1998 | D:2      | Found The Oracle's Delphic Readings.
  2127 | D:2      | Noticed Natasha
  2131 | D:2      | Killed Natasha
  2419 | D:2      | Found The Oracle's Delphic Readings.
  2461 | D:2      | Found Iriuzoil's Distillery.
  3079 | D:4      | Reached skill level 7 in Spellcasting
  3079 | D:4      | Reached XP level 8. HP: 46/50 MP: 0/0
  3561 | D:5      | Entered Level 5 of the Dungeon
  3699 | D:3      | Identified the +1 ring mail "Duehifos" {Harm *Corrode rPois
                  | Str-3}
  3741 | D:3      | Identified the +7 flail of Yhuawipt {freeze, Int+2}
  4273 | D:5      | Found Paqoba Uxze's Assorted Antiques.
  4282 | D:5      | Found Lozuines's Assorted Antiques.
  4448 | D:5      | Found Hufu's Magic Scroll Shop.
  4613 | D:5      | Found Ihexiax's Weapon Boutique.
  4625 | D:5      | Reached skill level 8 in Spellcasting
  4910 | D:6      | Noticed Dowan
  4911 | D:6      | Noticed Duvessa
  4917 | D:6      | Reached XP level 9. HP: 53/55 MP: 0/0
  4917 | D:6      | Learned a level 4 spell: Airstrike
  5240 | D:6      | Found Ypnaruew's Armour Boutique.
  5242 | D:6      | Found Wajiggaf's Antique Armour Shoppe.
  5243 | D:6      | Found Ukiget's Antique Weapon Shop.
  5276 | D:6      | Noticed Grinder
  5282 | D:6      | Killed Grinder
  5283 | D:6      | Reached skill level 9 in Spellcasting
  5618 | D:6      | Found a basalt altar of Yredelemnul.
  5633 | D:6      | Found a hide-covered altar of Uskayaw.
  5638 | D:6      | Became a worshipper of Yredelemnul the Dark
  5804 | D:6      | Killed Dowan
  5808 | D:6      | Killed Duvessa
  6085 | D:7      | Reached * piety under Yredelemnul
  6086 | D:7      | Reached skill level 1 in Fighting
  6147 | D:7      | Reached skill level 10 in Spellcasting
  6230 | D:7      | Reached XP level 10. HP: 57/62 MP: 0/0
  6776 | D:7      | Found a staircase to the Ecumenical Temple.
  6801 | Temple   | Entered the Ecumenical Temple
  6906 | D:7      | HP: 2/62 [something (2)]
  6945 | D:7      | HP: 3/62 [wight/+0 scimitar (6)]
  6946 | D:7      | Slain by a gnoll

Illustrated notes

Levels and vault maps discovered:
D:1:      scummos_arrival_simple_fountains, layout_loops_ring,
          ebering_ecumenical_altar_abandoned
D:2:      layout_basic, serial_shops, nicolae_shop_behind_doors,
          nicolae_nh_oracle_at_delphi, uniq_jessica, uniq_sigmund, uniq_natasha
D:3:      layout_basic
D:4:      layout_basic, mainiacjoe_overflow_catwalk,
          cheibrodos_sewer_entry_drain
D:5:      layout_loops_ring, serial_shops, shop, nicolae_square_shop,
          nicolae_shop_scrapyard, shop
D:6:      layout_basic, gammafunk_temple_overflow_statue,
          nicolae_wooded_promenade, interstate_on_off, item_on_display_a,
          uniq_duvessa, uniq_grinder
D:7:      nzn_winding_woodlands_stair_cross [nzn_winding_woodlands_5x15_jagged,
          nzn_winding_woodlands_center_diamonds,
          nzn_winding_woodlands_5x15_parted, nzn_winding_woodlands_5x5_cross,
          nzn_winding_woodlands_5x5_perimeter, nzn_winding_woodlands_5x15_pool,
          nzn_winding_woodlands_center_pierced_h,
          nzn_winding_woodlands_5x15_lazy_stream], layout_rooms,
          minmay_temple_entry_waves, nicolae_figureground_sparkle
Temple:   nicolae_temple_ecumenical_triangle

Skill      XL: |  1  2  3  4  5  6  7  8  9 |
---------------+----------------------------+-----
Spellcasting   | 4 5 6 7 8 10 | 10.7
Stealth        | 2 3 |  3.2
Dodging        | 3 |  3.6
Fighting       | 1 |  1.2

Action                     |  1- 3 |  4- 6 |  7- 9 | 10-12 || total
---------------------------+-------+-------+-------+-------++-------
  Melee: Unarmed           |     1 |       |       |       ||     1
         Dagger            |       |       |     1 |       ||     1
         Flail             |       |       |       |     2 ||     2
   Cast: Necrotise         |    68 |    72 |    94 |    17 ||   251
         Vampiric Draining |       |    15 |    71 |    29 ||   115
         Magic Dart        |       |       |    30 |       ||    30
         Momentum Strike   |       |       |     1 |       ||     1
         Airstrike         |       |       |    29 |     7 ||    36
    Use: Scroll            |       |     1 |       |     4 ||     5
         Potion            |       |       |       |     2 ||     2
 Armour: Robe              |     2 |     8 |     8 |    16 ||    34
  Dodge: Dodged            |     7 |    17 |    80 |    32 ||   136
